 Dungeon Crawl Stone Soup version 0.31-a0-816-gd61d57ddb1 (webtiles) character file.

Game seed: 2196384472622185305

113978 blamed the Swashbuckler (level 16, 0/84 HPs)
             Began as a Vine Stalker Fighter on Sept 22, 2023.
             Was a Follower of Uskayaw.
             Shot with an arrow by a deep elf archer (13 damage)
             ... on level 1 of the Elven Halls.
             The game lasted 01:18:13 (21996 turns).

blamed the Swashbuckler (Vine Stalker Fighter)     Turns: 21996, Time: 01:18:14

Health: 0/84       AC: 21    Str: 19    XL:     16   Next: 64%
Magic:  0/26       EV: 19    Int:  8    God:    Uskayaw [*.....]
Gold:   1212       SH: 15    Dex: 25    Spells: 19/19 levels left

rFire   . . .        E - +2 quick blade (venom)
rCold   . . .        Y - +2 kite shield
rNeg    . . .        R - +5 scale mail {rPois}
rPois   +            y - +2 helmet
rElec   .            m - +1 cloak "Gemud" {Dex+3}
rCorr   .            M - +1 pair of gloves {hurl}
SInv    .            (no boots)
Will    ++...        X - amulet of faith
Stlth   ++           k - +5 ring of evasion
HPRegen 1.14/turn    a - ring of flight
MPRegen 0.20/turn

%: guardian spirit, faith
@: lethally poisoned (0 -> -1), flying
A: fangs 3, regeneration 1, magic shield, antimagic bite, no potion heal 2,
inability to drink after injury 1
a: Renounce Religion, Stomp


You were on level 1 of the Elven Halls.
You worshipped Uskayaw.
Uskayaw was pleased with you.
You visited 5 branches of the dungeon, and saw 22 of its levels.
You visited the Abyss 1 time.
You also visited: Gauntlet.

You collected 1528 gold pieces.
You spent 316 gold pieces at shops.

Inventory:

Hand Weapons
 E - a +2 quick blade of venom (weapon)
Missiles
 C - 21 boomerangs (quivered)
 G - 6 curare-tipped darts
Armour
 m - the +1 cloak "Gemud" (worn) {Dex+3}
   (You found it in a Gauntlet)

   Dex+3:     It affects your dexterity (+3).
 r - the +0 chain mail of Past Mistakes {Int+3 SInv}
   (You found it on level 5 of the Lair of Beasts)

   Int+3:     It affects your intelligence (+3).
   SInv:      It lets you see invisible.
 v - a +1 chain mail of cold resistance
 y - a +2 helmet (worn)
 M - a +1 pair of gloves of hurling (worn)
 R - a +5 scale mail of poison resistance (worn)
 Y - a +2 kite shield (worn)
Magical Staves
 d - the staff "Goblinbane" {rElec rPois rF+ rC+ Poison}
   (You found it on level 2 of the Orcish Mines)

   [staff of poison]

   Base accuracy: +5 Base damage: 5 Base attack delay: 1.2 This weapon's minimum
   attack delay (0.6) is reached at skill level 12.
   rF+:       It protects you from fire.
   rC+:       It protects you from cold.
   rElec:     It insulates you from electricity.
   rPois:     It protects you from poison Poison: It increases the power of your
   Poison spells.
   It falls into the 'Staves' category.
   It is a one-handed weapon.
Jewellery
 a - a ring of flight (right hand)
 k - a +5 ring of evasion (left hand)
 u - a ring of protection from fire
 w - a ring of resist corrosion
 x - a ring of wizardry
 O - a ring of willpower
 X - an amulet of faith (around neck)
Wands
 l - a wand of paralysis (26)
 A - a wand of digging (4)
 H - a wand of polymorph (4)
 I - a wand of mindburst (13)
Scrolls
 c - a scroll of butterflies
 e - 4 scrolls of blinking
 f - a scroll of poison
 h - 6 scrolls of fear
 j - 8 scrolls of teleportation
 t - 6 scrolls of fog
Potions
 b - 3 potions of resistance
 p - 8 potions of curing
 q - 4 potions of brilliance
 z - 2 potions of cancellation
 B - a potion of berserk rage
 D - 3 potions of mutation
 J - a potion of magic
 K - 2 potions of enlightenment
 N - 2 potions of might
 V - 4 potions of haste
Miscellaneous
 n - a lightning rod (4/4)
 Z - a tin of tremorstones (2/2)


   Skills:
 + Level 9.1 Fighting
 * Level 17.3 Short Blades
 - Level 5.0 Throwing
 + Level 8.4 Armour
 + Level 7.4 Dodging
 - Level 6.0 Stealth
 + Level 8.8 Shields
 - Level 2.0 Spellcasting
 + Level 12.1 Invocations


You had 19 spell levels left.
You didn't know any spells.
Your spell library contained the following spells:

 Spells                   Type           Power      Damage    Failure   Level
 Necrotise                Necr           0%         1d4       88%         1
 Lesser Beckoning         Tloc           0%         N/A       96%         2
 Sublimation of Blood     Necr           0%         N/A       96%         2
 Frozen Ramparts          Ice            0%         1d1       99%         3
 Gell's Gravitas          Tloc           0%         N/A       99%         3
 Teleport Other           Tloc           0%         N/A       99%         3
 Tukima's Dance           Hex            0%         N/A       99%         3
 Vampiric Draining        Necr           0%         2d6       99%         3
 Animate Dead             Necr           0%         N/A       100%        4
 Dimensional Bullseye     Hex/Tloc       0%         N/A       100%        4
 Iskenderun's Mystic Bla  Conj/Tloc      0%         2d3       100%        4
 Passage of Golubria      Tloc           0%         N/A       100%        4
 Petrify                  Tmut/Erth      0%         N/A       100%        4
 Agony                    Necr           0%         N/A       100%        5
 Borgnjor's Vile Clutch   Necr/Erth      0%         N/A       100%        5
 Irradiate                Conj/Tmut      0%         3d11      100%        5
 Yara's Violent Unravell  Hex/Tmut       0%         3d3       100%        5
 Death Channel            Necr           0%         N/A       100%        6
 Ozocubu's Refrigeration  Ice            0%         4d7       100%        7
 Spellforged Servitor     Conj/Summ      0%         N/A       100%        7
 Summon Hydra             Summ           0%         N/A       100%        7


Dungeon Overview and Level Annotations

Branches:
Dungeon (13/15)            Temple (0/1) D:7            Lair (5/5) D:10
  Swamp (0/4) Lair:2       Spider (1/4) Lair:3        Slime (0/5) Lair:4
    Orc (2/2) D:9             Elf (1/3) Orc:2        Vaults (0/5) D:13
Gauntlet (visited)

Altars:
Cheibriados
Fedhas
Makhleb
Uskayaw
Vehumet
The Shining One
Lugonu

Shops:
D:1 *   D:4 ?   D:6 ?   D:8 [   D:9 ?   D:10 =   D:13 !   Orc:2 *=:(

Portals:
Abyss: Lair:3 Lair:5

Annotations:
D:7 2 transporters, ouz's ghost, novice DsGl


Innate Abilities, Weirdness & Mutations

You have razor-sharp teeth.
Your natural rate of healing is unusually fast.
When hurt, damage is shared between your health and your magic reserves.
Your bite disrupts and absorbs the magic of your enemies.
Potions cannot restore your health.
You occasionally lose the ability to drink potions when taking damage.


Message History

The deep elf archer points at you and mumbles some strange words.
You resist with almost no effort.
You hit the deep elf archer.
The deep elf archer looks as sick as possible!
Your bite misses the deep elf archer. You puncture the deep elf archer!
Your bite misses the deep elf archer.
The deep elf archer is heavily wounded.
You hit the deep elf archer but do no damage.
The deep elf archer looks as sick as possible!
Your bite misses the deep elf archer.
You hit the deep elf archer but do no damage.
The deep elf archer looks as sick as possible!
You bite the deep elf archer!
The deep elf archer's magic leaks into the air.
You drain its magic.
You feel invigorated.
The deep elf archer is severely wounded.
You feel sick. You block the deep elf archer's attack.
You barely miss the deep elf archer. You bite the deep elf archer.
You kill the deep elf archer!
You feel sick.
The deep elf knight points at you and mumbles some strange words.
The shard of ice hits you!!
* * * LOW HITPOINT WARNING * * *
Aiming: Grand Finale
Press: ? - help, Shift-Dir - straight line, f - deep elf sorcerer
Aim: a deep elf sorcerer, wielding a +0 long sword and wearing a +0 leather armour (moderately wounded)
The deep elf sorcerer explodes violently!!!
The deep elf archer is hit by a flying piece of the deep elf sorcerer!
You blow up the deep elf sorcerer!
You feel sick.
The deep elf archer gestures wildly while chanting.
The deep elf archer blinks!
The deep elf knight casts a spell at you.
You block the shard of ice.
You hit the deep elf knight.
The deep elf knight is poisoned.
Your bite misses the deep elf knight. You hit the deep elf knight.
Your bite misses the deep elf knight.
The deep elf knight is moderately wounded.
The deep elf archer shoots an arrow.
The arrow hits you!
You die...

........#...#..#.#..#..#
........#...#..#.#..#..#
....e?..'...#..#.#..#..#
####...#...#..#.#..#..#
#...#...#..###.<#..#
#)..#...#.......#..#
#.).#>..#.......#
+.).#...#.......#
#.e@#...#..###..#
#ยง..#...#..#.#..#
#.).#...#..#.#..#
#...#.).#..#.'..#
#..)#)..#..#.#..#
#...#...#..'.#..#
#...#...)..#.#..#
#...#...#..#.#..#
....#...#..###..#


You could see a deep elf archer (repels missiles) and a deep elf knight (very
poisoned).

Vanquished Creatures
  Rupert (Lair:4)
  A sphinx (shapeshifter) (Lair:3)
  Kirke (D:12)
  A deep elf sorcerer (Elf:1)
  An orc warlord (Orc:2)
  A deep elf demonologist (Elf:1)
  A minotaur (Gauntlet)
  Snorg (Lair:5)
  The ghost of Ifomeed the Cruncher, a journeyman DsGl of Fedhas (Lair:3)
  Harold (D:10)
  5 hydras
  A rakshasa (Lair:3)
  2 vault guards (D:13)
  2 catoblepae
  4 boulder beetles
  A centaur warrior (D:12)
  10 two-headed ogres
  6 orc high priests
  Urug (D:10)
  12 death yaks
  2 demonic crawlers
  2 dancing weapons
  4 thrashing horrors
  Sonja (D:13)
  Nergalle (Orc:1)
  A sixfirhy (Abyss:1)
  5 skysharks
  2 wizards
  2 deep elf archers (Elf:1)
  A necromancer (D:13)
  2 deep elf pyromancers
  A wolf spider (Spider:1)
  7 orc knights
  3 orc sorcerers (Orc:2)
  6 ugly things
  6 deep elf zephyrmancers (Elf:1)
  6 cyclopes
  7 elephants
  A manticore (D:13)
  Joseph (D:7)
  8 black mambas
  A gargoyle (D:13)
  3 smoke demons
  13 cane toads
  2 unseen horrors (D:13)
  Jeremiah (Lair:1)
  8 rime drakes
  Maggie (D:6)
  A komodo dragon (shapeshifter) (Lair:5)
  4 kobold demonologists (D:11)
  13 komodo dragons
  7 trolls
  3 polar bears
  3 hornets
  A tyrant leech (Lair:2)
  3 tarantellas
  26 blink frogs
  3 raiju
  A large abomination (Lair:5)
  A jumping spider (Lair:3)
  A culicivora (Spider:1)
  2 spriggans
  A shadow (D:12)
  3 ynoxinuls (Lair:5)
  3 wraiths
  A hog (D:12)
  5 wyverns
  4 basilisks (Lair:5)
  24 yaks
  20 humans (D:13)
  Grum (D:10)
  A steam dragon (Lair:1)
  9 vampire mosquitoes
  4 redbacks
  4 swamp worms
  8 wargs
  4 acid dragons
  12 water moccasins
  2 ice beasts
  50 orc warriors
  3 black bears
  4 sky beasts
  13 wolves
  12 ogres
  7 centaurs
  13 small abominations
  3 phantoms
  7 bullfrogs
  5 kobold brigands
  A gnoll sergeant (D:11)
  Blork the orc (D:4)
  3 scorpions
  11 wights
  21 killer bees
  9 howler monkeys
  2 electric eels
  5 crimson imps
  4 hounds
  7 jellies
  30 orc priests
  A sleepcap (D:4)
  An iron imp (D:3)
  2 gnoll boudas
  Jessica (D:2)
  3 iguanas
  36 orc wizards
  5 hell rats (Lair:4)
  11 gnolls
  4 adders
  A shadow imp (D:5)
  A white imp (Abyss:1)
  2 worms
  A dart slug (D:5)
  106 orcs
  7 ball pythons
  12 endoplasms
  A giant cockroach (D:1)
  7 goblins
  5 hobgoblins
  10 jackals
  25 kobolds
  5 quokkas
  2 bats
  4 frilled lizards
  2 goblin skeletons (D:3)
  A goblin zombie (D:3)
  4 hobgoblin zombies (D:3)
  A kobold skeleton (D:3)
  A kobold zombie (D:3)
  An orc skeleton (D:3)
  2 orc zombies (D:3)
  6 rats
809 creatures vanquished.

Vanquished Creatures (others)
  4 humans (D:12)
  A centaur (D:13)
  2 starspawn tentacles (Abyss:1)
7 creatures vanquished.

Grand Total: 816 creatures vanquished

Notes
Turn   | Place    | Note
-------+----------+-------------------------------------------
     0 | D:1      | blamed the Vine Stalker Fighter began the quest for the
                  | Orb.
     0 | D:1      | Reached XP level 1. HP: 11/11 MP: 2/2
    88 | D:1      | Found Homam's Assorted Antiques.
   336 | D:1      | Reached XP level 2. HP: 16/16 MP: 3/3
   375 | D:1      | Reached skill level 2 in Short Blades
   980 | D:2      | Reached XP level 3. HP: 19/19 MP: 5/5
  1004 | D:2      | Noticed Jessica
  1014 | D:2      | Killed Jessica
  1015 | D:2      | Reached skill level 1 in Spellcasting
  1264 | D:2      | Reached XP level 4. HP: 24/24 MP: 6/6
  1476 | D:2      | Identified the +1 robe of Mumblety Peg {rElec Regen+ Str+3}
  1573 | D:2      | Reached skill level 1 in Dodging
  1611 | D:3      | Found a glowing golden altar of the Shining One.
  1730 | D:3      | Reached skill level 1 in Stealth
  1730 | D:3      | Reached XP level 5. HP: 12/16 MP: 6/8
  1843 | D:3      | Found a snail-covered altar of Cheibriados.
  1935 | D:3      | Reached XP level 6. HP: 29/30 MP: 7/10
  2024 | D:3      | Found a hide-covered altar of Uskayaw.
  2072 | D:3      | Became a worshipper of Uskayaw the Reveller
  2174 | D:3      | Reached * piety under Uskayaw
  2515 | D:3      | Reached skill level 3 in Short Blades
  2540 | D:3      | Reached ** piety under Uskayaw
  2547 | D:3      | Reached *** piety under Uskayaw
  2563 | D:4      | Reached **** piety under Uskayaw
  2593 | D:4      | Reached skill level 1 in Invocations
  2644 | D:4      | Found Eggus's Magic Scroll Emporium.
  2681 | D:4      | Reached XP level 7. HP: 34/36 MP: 9/11
  2990 | D:4      | Noticed Blork the orc
  2999 | D:4      | Killed Blork the orc
  3333 | D:5      | Entered Level 5 of the Dungeon
  3745 | D:5      | Found a radiant altar of Vehumet.
  3746 | D:5      | Found a burning altar of Makhleb.
  3756 | D:5      | Gained mutation: You have razor-sharp teeth. [Vine Stalker
                  | growth]
  3756 | D:5      | Reached XP level 8. HP: 41/42 MP: 12/12
  3905 | D:6      | Reached skill level 4 in Short Blades
  4069 | D:6      | Noticed Maggie
  4097 | D:6      | Killed Maggie
  4528 | D:6      | Reached skill level 5 in Short Blades
  4920 | D:6      | Found The Oracle's Delphic Readings.
  4924 | D:6      | Bought a scroll of teleportation for 36 gold pieces
  5322 | D:7      | Reached XP level 9. HP: 45/45 MP: 13/13
  5367 | D:7      | Found a staircase to the Ecumenical Temple.
  5410 | D:6      | Reached skill level 5 in Invocations
  5435 | D:7      | Identified the +1 robe "Haotaa" {rPois rC- Str+7 Int+3}
  5498 | D:7      | Reached skill level 6 in Short Blades
  5520 | D:7      | Noticed Joseph
  5523 | D:7      | Paralysed by Joseph for 4 turns
  5537 | D:7      | Paralysed by Joseph for 5 turns
  5539 | D:7      | Killed Joseph
  5663 | D:7      | Found a transporter.
  5711 | D:7      | Found a transporter.
  5712 | D:7      | Noticed ouz's ghost (novice DsGl)
  5834 | D:7      | Found a blossoming altar of Fedhas.
  6052 | D:8      | Reached skill level 7 in Short Blades
  6063 | D:8      | Reached ***** piety under Uskayaw
  6064 | D:8      | Reached XP level 10. HP: 43/49 MP: 17/17
  6444 | D:8      | Found West's Antique Armour Boutique.
  6767 | D:9      | Reached skill level 8 in Short Blades
  6877 | D:9      | Found Tetravus's Magic Scroll Boutique.
  7043 | D:9      | Found a staircase to the Orcish Mines.
  7298 | D:9      | Reached skill level 9 in Short Blades
  7385 | D:9      | Noticed a two-headed ogre
  7394 | D:9      | Killed a two-headed ogre
  7642 | D:10     | Entered Level 10 of the Dungeon
  7681 | D:10     | Reached XP level 11. HP: 52/53 MP: 19/19
  7829 | D:10     | Reached skill level 10 in Short Blades
  7920 | D:10     | Noticed a death yak
  7920 | D:10     | Noticed a death yak
  7955 | D:10     | Noticed a death yak
  8022 | D:11     | Reached skill level 10 in Invocations
  8193 | D:11     | Noticed a two-headed ogre
  8203 | D:11     | Killed a two-headed ogre
  8229 | D:11     | Noticed a boulder beetle
  8235 | D:11     | Reached skill level 11 in Short Blades
  8250 | D:11     | Killed a boulder beetle
  8641 | D:11     | Noticed a two-headed ogre
  8650 | D:11     | Killed a two-headed ogre
  8651 | D:11     | Reached skill level 12 in Short Blades
  8753 | D:11     | Noticed a two-headed ogre
  8767 | D:11     | Killed a two-headed ogre
  9231 | D:12     | Reached XP level 12. HP: 58/58 MP: 20/20
  9291 | D:12     | Reached skill level 13 in Short Blades
  9307 | D:12     | Noticed Kirke
  9314 | D:12     | Reached ****** piety under Uskayaw
  9318 | D:12     | Killed Kirke
  9706 | D:12     | Noticed a boulder beetle
  9721 | D:12     | Killed a boulder beetle
 10056 | D:13     | Found a gate leading to a gauntlet.
 10059 | D:13     | Noticed a centaur warrior
 10097 | D:12     | Killed a centaur warrior
 10138 | Gauntlet | Entered a Gauntlet
 10138 | Gauntlet | Found a transporter.
 10147 | Gauntlet | Found a transporter.
 10162 | Gauntlet | Found a transporter.
 10164 | Gauntlet | Found a large runed translucent door.
 10164 | Gauntlet | Found a large runed translucent door.
 10165 | Gauntlet | Found a large runed translucent door.
 10165 | Gauntlet | Found a large runed translucent door.
 10166 | Gauntlet | Found a large runed translucent door.
 10166 | Gauntlet | Found a large runed translucent door.
 10166 | Gauntlet | Found a runed translucent door.
 10166 | Gauntlet | Found a runed translucent door.
 10166 | Gauntlet | Found a large runed translucent door.
 10167 | Gauntlet | Found a transporter.
 10175 | Gauntlet | Noticed a reaper
 10184 | Gauntlet | Found a transporter.
 10198 | Gauntlet | Found a large runed translucent door.
 10199 | Gauntlet | Found a large runed translucent door.
 10200 | Gauntlet | Found a large runed translucent door.
 10200 | Gauntlet | Found a large runed translucent door.
 10200 | Gauntlet | Noticed a blizzard demon
 10201 | Gauntlet | Found a runed translucent gate.
 10202 | Gauntlet | Found a transporter.
 10202 | Gauntlet | Found a runed translucent gate.
 10203 | Gauntlet | Found a runed translucent gate.
 10204 | Gauntlet | Found a large runed translucent door.
 10204 | Gauntlet | Found a large runed translucent door.
 10204 | Gauntlet | Found the -2 hat of the Alchemist {rElec rPois rF+ rC+ rN+
                  | Will+ rMut rCorr}
 10205 | Gauntlet | Found a large runed translucent door.
 10206 | Gauntlet | Found a large runed translucent door.
 10211 | Gauntlet | Found a transporter.
 10216 | Gauntlet | Noticed a thrashing horror
 10226 | Gauntlet | Found a transporter.
 10229 | Gauntlet | Noticed an entropy weaver
 10234 | Gauntlet | Found a transporter.
 10234 | Gauntlet | Found a transporter.
 10251 | Gauntlet | Found a transporter.
 10252 | Gauntlet | Noticed a hell hog
 10263 | Gauntlet | Found a transporter.
 10264 | Gauntlet | Noticed a balrug
 10280 | Gauntlet | Found a transporter.
 10298 | Gauntlet | Found a transporter.
 10300 | Gauntlet | Found a transporter.
 10325 | Gauntlet | Found a transporter.
 10327 | Gauntlet | Found a transporter.
 10347 | Gauntlet | Found a transporter.
 10421 | Gauntlet | Found a large runed translucent door.
 11141 | Gauntlet | Killed a thrashing horror
 11146 | Gauntlet | Reached skill level 14 in Short Blades
 11186 | Gauntlet | Identified the +1 cloak "Gemud" {Dex+3}
 11241 | Gauntlet | Noticed a minotaur
 11259 | Gauntlet | Killed a minotaur
 11356 | Gauntlet | Got a disorganized book
 11427 | D:13     | Found Doanuc's Distillery.
 11879 | D:13     | Identified the +0 hat of the Buccaneer {Dex+3}
 12014 | D:13     | Noticed Sonja
 12025 | Abyss:1  | Cast into level 1 of the Abyss (Sonja)
 12099 | Abyss:1  | Noticed a green death
 12143 | Abyss:1  | Reached skill level 1 in Throwing
 12143 | Abyss:1  | Reached XP level 13. HP: 18/63 MP: 16/21
 12150 | Abyss:1  | Found a transporter.
 12150 | Abyss:1  | Noticed a tentacled starspawn
 12154 | Abyss:1  | Found a transporter.
 12181 | D:13     | Escaped the Abyss
 12323 | D:13     | Killed Sonja
 12324 | D:13     | Reached skill level 5 in Fighting
 12412 | D:13     | Reached skill level 5 in Shields
 12445 | D:13     | Reached skill level 5 in Dodging
 12447 | D:13     | Reached skill level 5 in Armour
 12475 | D:13     | Found a gate to the Vaults.
 12475 | D:13     | Noticed a vault guard
 12475 | D:13     | Noticed a vault guard
 12511 | D:13     | Killed a vault guard
 12512 | D:13     | Reached skill level 5 in Stealth
 12528 | D:13     | Killed a vault guard
 12887 | D:10     | Noticed Grum
 12904 | D:10     | Killed Grum
 12912 | D:10     | Found a staircase to the Lair.
 12981 | D:10     | Noticed Urug
 12985 | D:10     | Noticed Harold
 13008 | D:10     | Killed Urug
 13015 | D:10     | Killed Harold
 13026 | Lair:1   | Entered Level 1 of the Lair of Beasts
 13489 | D:10     | Found Oxkozuud's Jewellery Shoppe.
 13672 | Lair:1   | Reached XP level 14. HP: 69/69 MP: 23/23
 13676 | Lair:1   | Noticed Jeremiah
 13705 | Lair:1   | Killed Jeremiah
 13999 | Lair:1   | Reached skill level 15 in Short Blades
 15048 | Lair:2   | Found a staircase to the Swamp.
 15472 | Lair:3   | Found a hole to the Spider Nest.
 15677 | Lair:3   | Noticed Ifomeed's ghost (journeyman DsGl)
 15828 | Lair:3   | Found a one-way gate to the infinite horrors of the Abyss.
 15927 | Lair:3   | Noticed a caustic shrike
 15944 | Lair:3   | Found a transporter.
 15958 | Lair:3   | Noticed a quicksilver dragon
 15958 | Lair:3   | a quicksilver dragon changed into a formless jellyfish
 15958 | Lair:3   | Noticed a formless jellyfish (glowing shapeshifter)
 15959 | Lair:3   | a formless jellyfish changed into a dire elephant
 15959 | Lair:3   | Noticed a dire elephant (glowing shapeshifter)
 15963 | Lair:3   | a dire elephant changed into a sphinx
 15963 | Lair:3   | Noticed a sphinx (glowing shapeshifter)
 15966 | Lair:3   | Killed a sphinx
 15984 | Lair:3   | Killed Ifomeed's ghost
 16320 | Lair:4   | Found a staircase to the Slime Pits.
 16430 | Lair:4   | Reached skill level 5 in Throwing
 16490 | Lair:4   | Reached XP level 15. HP: 73/75 MP: 22/24
 16714 | Lair:4   | Noticed Rupert
 16725 | Lair:4   | Killed Rupert
 16954 | Lair:4   | Identified the -1 helmet of Lifelessness {rElec MP+9}
 16969 | Lair:4   | Reached skill level 16 in Short Blades
 17315 | Lair:5   | Entered Level 5 of the Lair of Beasts
 17472 | Lair:5   | Identified the +0 chain mail of Past Mistakes {Int+3 SInv}
 17746 | Lair:5   | Noticed Snorg
 17759 | Lair:5   | Killed Snorg
 18104 | Lair:5   | Found a corrupted altar of Lugonu.
 18920 | Spider:1 | Entered Level 1 of the Spider Nest
 19204 | Orc:1    | Entered Level 1 of the Orcish Mines
 19319 | Orc:1    | Reached XP level 16. HP: 40/82 MP: 19/26
 19453 | Orc:1    | Noticed Nergalle
 19461 | Orc:1    | Killed Nergalle
 19935 | Orc:2    | Entered Level 2 of the Orcish Mines
 20402 | Orc:2    | Reached skill level 17 in Short Blades
 20505 | Orc:2    | Found Wagh's General Store.
 20534 | Orc:2    | Found Xuegow's Jewellery Shop.
 20559 | Orc:2    | Bought a ring of flight for 280 gold pieces
 20793 | Orc:2    | Found a staircase to the Elven Halls.
 20887 | Orc:2    | Identified the staff "Goblinbane" {rElec rPois rF+ rC+
                  | Poison}
 21054 | Orc:2    | Found Uhaoviwk's Book Shop.
 21174 | Orc:2    | Found Diuxuni's Antique Weapon Boutique.
 21766 | Elf:1    | Entered Level 1 of the Elven Halls
 21972 | Elf:1    | Noticed a Hell Sentinel
 21979 | Elf:1    | Gained mutation: You occasionally lose the ability to drink
                  | potions when taking damage. [a cacodemon]
 21996 | Elf:1    | Shot with an arrow by a deep elf archer

Illustrated notes

Levels and vault maps discovered:
D:1:      mrwooster_arrival_statue_2, layout_loops_ring, serial_forest,
          infiniplex_forest_side_room, infiniplex_forest_corner_2,
          infiniplex_forest_straight_1, infiniplex_forest_pool,
          infiniplex_forest_end_2, serial_shops, nicolae_shop_rolling_square
D:2:      layout_basic, minmay_misc_feat_plants, uniq_jessica
D:3:      layout_loops_ring, nicolae_tso_besieged_by_evil,
          mainiacjoe_overflow_boulevard, slow_altar_1
D:4:      layout_loops_ring, serial_shops, shop, uniq_blork_the_orc
D:5:      layout_rooms, grunt_temple_overflow_lords_of_destruction
D:6:      layout_layer_cave, nicolae_nh_oracle_at_delphi, uniq_maggie
D:7:      layout_basic, fedhas_altar_3, temple_fountains, gammafunk_ghost_arena,
          uniq_joseph
D:8:      layout_basic, serial_shops, nicolae_diamond_shop
D:9:      layout_loops_ring, orc_0_dummy, serial_shops, shop
D:10:     layout_basic, dpeg_lair_monsters, serial_shops,
          nicolae_shop_rolling_square, sword_in_stone, uniq_urug, uniq_grum
D:11:     layout_basic, kennysheep_big_empty_room, minmay_diced_spiral
D:12:     layout_basic, uniq_kirke
D:13:     layout_basic, grunt_vaults_entry_tiered, gauntlet_entry_generic,
          serial_shops, nicolae_square_shop, uniq_sonja
Lair:1:   layout_roguey, grunt_megastairs_3, uniq_jeremiah
Lair:2:   layout_roguey, minmay_swamp_entry_worms, st_stairs_13,
          grunt_megastairs_1
Lair:3:   layout_long_grid, spider_nest_entry_webs,
          gammafunk_ghost_abyssal_escape, beast_lair_carwin_3
Lair:4:   nzn_winding_woodlands_small [nzn_winding_woodlands_5x15_parted,
          nzn_winding_woodlands_center_triple_pond,
          nzn_winding_woodlands_5x15_eye], layout_long_grid,
          nicolae_slime_entry_slimehenge, grunt_forest_large_clearings,
          uniq_rupert
Lair:5:   hellmonk_lair_end_abyssal_woods, layout_gridlike,
          serial_bayou_shore_b, lemuel_fruit_tree, infiniplex_staircase_pool_2,
          serial_bayou_shore_b, uniq_snorg
Spider:1: layout_spider_delve, guppyfry_spider_mini_2, uniq_jorgrun
Orc:1:    layout_caves, nooodl_orcs_dogs, uniq_nergalle
Orc:2:    pubby_orc_utopia, serial_shops
Elf:1:    layout_onion_city, serial_shops, shop, nicolae_shop_hallway_plus,
          evilmike_minifort, minmay_fountain_box, nicolae_elf_crossing_hall,
          uniq_zenata

Skill      XL: |  1  2  3  4  5  6  7  8  9 10 11 12 13 14 15 16 |
---------------+-------------------------------------------------+-----
Short Blades   | 2 3 5 7 9 12 14 15 16 17 | 17.3
Shields        | 3 4 5 6 8 |  8.8
Spellcasting   | 1 2 |  2.0
Fighting       | 3 4 5 7 8 9 |  9.1
Dodging        | 1 2 4 5 6 7 |  7.4
Stealth        | 1 2 4 6 |  6.0
Armour         | 3 4 5 6 7 8 |  8.4
Invocations    | 1 2 4 8 9 10 11 12 | 12.1
Throwing       | 1 3 5 |  5.0

Action                     |  1- 3 |  4- 6 |  7- 9 | 10-12 | 13-15 | 16-18 || total
---------------------------+-------+-------+-------+-------+-------+-------++-------
  Melee: Rapier            |    76 |   268 |   235 |       |       |       ||   579
         Bite              |    19 |    80 |   144 |   469 |   839 |   357 ||  1908
         Short sword       |       |       |    91 |       |       |       ||    91
         Quick blade       |       |       |    92 |  1109 |  1759 |   770 ||  3730
  Throw: Dart              |       |       |    44 |   180 |       |       ||   224
         Boomerang         |       |       |       |    29 |   109 |   100 ||   238
         Javelin           |       |       |       |       |   201 |    12 ||   213
 Invoke: Stomp             |       |       |     4 |     1 |       |       ||     5
         Line Pass         |       |       |       |       |     6 |     1 ||     7
         Grand Finale      |       |       |       |       |       |     2 ||     2
  Evoke: Wand              |       |       |     1 |       |     2 |       ||     3
         Tin of tremorston |       |       |       |       |     2 |       ||     2
    Use: Scroll            |       |       |     8 |     7 |     9 |     3 ||    27
         Potion            |       |       |     2 |       |     2 |       ||     4
   Stab: Paralysed         |       |     2 |     9 |    28 |    66 |    36 ||   141
         Confused          |       |       |       |       |     5 |       ||     5
         Sleeping          |       |       |       |       |     1 |     2 ||     3
 Armour: Scale mail        |    56 |   163 |    72 |    53 |   369 |    92 ||   805
         Chain mail        |       |       |    77 |       |       |       ||    77
         Swamp dragon scal |       |       |    59 |   238 |       |       ||   297
  Dodge: Dodged            |    27 |   145 |   239 |   358 |   334 |   129 ||  1232
  Block: Buckler           |    17 |    54 |   100 |   140 |    29 |       ||   340
         Kite shield       |       |       |       |       |   336 |   213 ||   549

Table legend: (Time is in decaauts)
 A = Elapsed time spent in this place.
 B = Non-inter-level travel time spent in this place.
 C = Inter-level travel time spent in this place.
 D = Time resting spent in this place.
 E = Time spent auto-exploring this place.
 F = Levels seen in this place.
 G = Mean time per level.
                   A        B        C        D        E       F      G
               +--------+--------+--------+--------+--------+-----+--------+
         Total |  21502 |  19835 |   1667 |    753 |  13566 |  24 |  895.9 |
       Dungeon |  12000 |  10995 |   1005 |    288 |   7958 |  13 |  923.1 |
          Lair |   5504 |   5076 |    428 |    302 |   3587 |   5 | 1100.8 |
   Spider Nest |     16 |     16 |      0 |      0 |      0 |   1 |   16.0 |
  Orcish Mines |   2427 |   2224 |    203 |     86 |   1505 |   2 | 1213.5 |
   Elven Halls |    207 |    178 |     29 |     37 |     67 |   1 |  207.0 |
         Abyss |    149 |    149 |      0 |      0 |     68 |   1 |  149.0 |
      Gauntlet |   1197 |   1197 |      0 |     40 |    381 |   1 | 1197.0 |
               +--------+--------+--------+--------+--------+-----+--------+

Top non-repeatable levels by time:
   Orc:2: 1726 daAuts
  Lair:5: 1498 daAuts
     D:6: 1496 daAuts
    D:12: 1227 daAuts
  Lair:3: 1214 daAuts
Gauntlet: 1197 daAuts
    D:10: 1082 daAuts
  Lair:1: 1079 daAuts
     D:9: 1053 daAuts
    D:11: 1016 daAuts
  Lair:4: 1012 daAuts
    D:13: 986 daAuts
     D:1: 941 daAuts
     D:3: 883 daAuts
     D:4: 807 daAuts
